 Dungeon Crawl Stone Soup version 0.31-a0-339-gda1cbd555d (webtiles) character file.

Game seed: 7741358300738620976

403 lunkers the Grappler (level 7, 0/52 HPs)
             Began as a Meteoran Shapeshifter on July 20, 2023.
             Was an Initiate of Okawaru.
             Killed by divine providence
             ... invoked by an orc priest
              (14 damage)
             ... on level 5 of the Dungeon.
             The game lasted 00:07:32 (1948 turns).

lunkers the Grappler (Meteoran Shapeshifter)        Turns: 1948, Time: 00:07:33

Health: 0/52       AC:  3    Str: 18    XL:     7   Next: 33%
Magic:  8/8        EV: 12    Int:  9    God:    Okawaru [......]
Gold:   135        SH:  0    Dex: 16    Spells: 6/6 levels left

rFire   . .          .
                       - Unarmed
rCold   . . .        (no shield)
rNeg    . . .        b - +1 animal skin
rPois   .            (helmet currently unavailable)
rElec   .            (cloak currently unavailable)
rCorr   .            (gloves currently unavailable)
SInv    .            (boots currently unavailable)
Will    +....        (no amulet)
Stlth   +            s - +4 ring of slaying
HPRegen 0.28/turn    m - ring of willpower
MPRegen 0.11/turn

%: no passive effects
@: beast-form, glowing
A: beast (slay +2), sense surroundings 1, otherworldly, glowing, explore regen
a: Begin Untransformation, Renounce Religion


You were on level 5 of the Dungeon.
You worshipped Okawaru.
Okawaru was noncommittal.
You were a hulking beast.
You visited 1 branch of the dungeon, and saw 5 of its levels.

You collected 135 gold pieces.

Inventory:

Armour
 a - a +0 animal skin
 b - a +1 animal skin (worn)
 k - a +0 pair of boots
 n - a +0 helmet
Jewellery
 i - a ring of protection from cold
 m - a ring of willpower (right hand)
 s - a +4 ring of slaying (left hand)
 x - a +6 ring of strength
Talismans
 c - a beast talisman
 w - a blade talisman
Scrolls
 d - 6 scrolls of identify {unknown}
 e - a scroll of silence {unknown}
 g - 3 scrolls of blinking {unknown}
 l - a scroll of teleportation {unknown}
 p - a scroll of enchant weapon {unknown}
 r - a scroll of enchant armour {unknown}
 u - a scroll of poison {unknown}
 v - a scroll of revelation {unknown}
Potions
 f - 2 potions of curing {unknown}
 h - 2 potions of haste {unknown}
 j - 2 potions of degeneration {unknown}
 o - a potion of attraction {unknown}
 q - a potion of brilliance {unknown}
 t - 2 potions of invisibility {unknown}
 z - a potion of heal wounds {unknown}


   Skills:
 - Level 1.1 Fighting
 - Level 2.4 Dodging
 * Level 9.0 Unarmed Combat
 + Level 0.5 Invocations
 - Level 3.6 Shapeshifting


You had 6 spell levels left.
You didn't know any spells.
Your spell library contained the following spells:

 Spells                   Type           Power      Damage    Failure   Level
 Slow                     Hex            0%         N/A       38%         1
 Confusing Touch          Hex            0%         N/A       77%         3
 Hailstorm                Conj/Ice       0%         3d3       77%         3
 Vampiric Draining        Necr           0%         2d6       77%         3
 Summon Small Mammal      Summ           Unusable   N/A       N/A         1
 Call Canine Familiar     Summ           Unusable   N/A       N/A         3
 Summon Guardian Golem    Hex/Summ       Unusable   N/A       N/A         3
 Summon Ice Beast         Ice/Summ       Unusable   N/A       N/A         4
 Simulacrum               Ice/Necr       Unusable   N/A       N/A         6
 Monstrous Menagerie      Summ           Unusable   N/A       N/A         7

Dungeon Overview and Level Annotations

Branches:
Dungeon (5/15) Zot: 1076
 Temple: D:4-7

Altars:
Cheibriados
Hepliaklqana
Nemelex Xobeh
Okawaru
Qazlal
Ru
Trog

Shops:
D:2 (


Innate Abilities, Weirdness & Mutations

You are a hulking beast.
Your limbs bulge with bestial killing power. (Slay +2)
You passively map a small area around you.
You are easily found by Zot.
You glow in the dark.
You regain HP and MP as you explore.


Message History

Unknown command.
Press < or > to pray at altars.
There is a sparkling altar of Nemelex Xobeh here.
You now have 135 gold pieces (gained 6).
HP restored.
An iguana, a sleepcap and an orc come into view.
The iguana hisses angrily.
The orc shouts!
You hear a shout! x2
An orc priest comes into view. It is wielding a +0 short sword.
Found 6 stones.
You punch the iguana! You punch the iguana.
The iguana is severely wounded.
The iguana bites you!
You pummel the iguana!!
You kill the iguana!
Okawaru accepts your kill.
Your Unarmed Combat skill increases to level 9!
An orc and an orc priest come into view.
The orc shouts!
The orc priest shouts!
An orc priest comes into view. It is wielding a +0 dagger.
The orc priest shouts!
The orc misses you. The sleepcap releases spores at you.
You are engulfed in a cloud of soporific spores!
You fall asleep.
The sleepcap releases spores at you.
You wake up.
The orc hits you with a +0 flail. The sleepcap attacks as you move away!
The sleepcap releases spores at you.
The orc priest hits you with a +0 short sword.
The orc priest attacks as you move away!
The orc priest hits you but does no damage.
The orc priest calls down the wrath of Beogh upon you.
Beogh smites you!
* * * LOW HITPOINT WARNING * * *
The sleepcap attacks as you move away! The sleepcap releases spores at you.
* * * LOW HITPOINT WARNING * * *
Okay, then.
The sleepcap attacks as you move away! The sleepcap releases spores at you.
* * * LOW HITPOINT WARNING * * *
The orc priest mumbles some strange prayers to Beogh against you.
Beogh smites you!
You die...

.._...## ,, ##### .......##
....$....### ........#
.(......... , ..⌠.._..#
*.........## * ........##
.........##*#### _..._.#..#
,........##....
......#..#### ##............
#...........###......o.$....
###########.....hoo.oo...^..
#####...f.........
#.......:.....,
#.............
#.............
##............ ##.....##....
#######*####


You could see a sleepcap, 3 orc priests and 2 orcs.

Vanquished Creatures
  A scorpion (D:4)
  A hound (D:5)
  A jelly (D:5)
  A sleepcap (D:4)
  2 iguanas (D:5)
  An orc wizard (D:5)
  Robin (D:3)
  A gnoll (D:1)
  5 adders
  5 worms
  2 dart slugs (D:4)
  5 orcs
  7 endoplasms
  2 giant cockroaches
  15 goblins
  11 hobgoblins
  4 jackals (D:1)
  3 quokkas
  7 ball pythons
  5 bats
  4 frilled lizards
  4 kobolds
  5 rats
93 creatures vanquished.

Notes
Turn   | Place    | Note
-------+----------+-------------------------------------------
     0 | D:1      | lunkers the Meteoran Shapeshifter began the quest for the
                  | Orb.
     0 | D:1      | Reached XP level 1. HP: 16/16 MP: 2/2
    20 | D:1      | Reached skill level 4 in Unarmed Combat
   108 | D:1      | Reached XP level 2. HP: 22/23 MP: 3/3
   245 | D:1      | Reached XP level 3. HP: 28/28 MP: 4/4
   304 | D:1      | Reached skill level 5 in Unarmed Combat
   321 | D:1      | Got the Handbook of Convocation
   401 | D:2      | Reached XP level 4. HP: 31/35 MP: 5/5
   660 | D:2      | Found Conlops's Antique Weapon Emporium.
   748 | D:2      | Reached skill level 6 in Unarmed Combat
   836 | D:3      | Reached XP level 5. HP: 40/40 MP: 6/6
   995 | D:3      | Noticed Robin
  1032 | D:3      | Killed Robin
  1223 | D:3      | Found a bloodstained altar of Trog.
  1485 | D:4      | Reached skill level 7 in Unarmed Combat
  1485 | D:4      | Reached XP level 6. HP: 47/47 MP: 7/7
  1636 | D:4      | Reached skill level 8 in Unarmed Combat
  1818 | D:4      | Found a snail-covered altar of Cheibriados.
  1847 | D:5      | Entered Level 5 of the Dungeon
  1847 | D:5      | Found a stormy altar of Qazlal.
  1847 | D:5      | Found a hazy altar of Hepliaklqana.
  1847 | D:5      | Found a sacrificial altar of Ru.
  1878 | D:5      | Reached XP level 7. HP: 25/52 MP: 8/8
  1904 | D:5      | Found an iron altar of Okawaru.
  1905 | D:5      | Found a sparkling altar of Nemelex Xobeh.
  1912 | D:5      | Became a worshipper of Warmaster Okawaru
  1942 | D:5      | Reached skill level 9 in Unarmed Combat
  1948 | D:5      | Killed from afar by an orc priest

Illustrated notes

Levels and vault maps discovered:
D:1:      minmay_arrival_semitransparent, layout_basic, minmay_misc_feat_room,
          feat_on_display
D:2:      layout_loops_ring, serial_shops, nicolae_shop_peninsula,
          minmay_door_square
D:3:      layout_basic, trog_book, ebering_ghost_sewer_d,
          kennysheep_flooded_box, uniq_robin
D:4:      layout_basic, kennysheep_slug_shrine, ashenzari_altar_1, temple_hall
D:5:      lemuel_ice_spiral_2, layout_rooms, grunt_temple_overflow_open,
          portal_sewer_entry_a

Skill      XL: |  1  2  3  4  5  6  7 |
---------------+----------------------+-----
Unarmed Combat | 4 5 6 7 8 9 |  9.0
Fighting       | |  1.1
Dodging        | |  2.4
Invocations    | |  0.5
Shapeshifting  | |  3.6

Action                     |  1- 3 |  4- 6 |  7- 9 || total
---------------------------+-------+-------+-------++-------
  Melee: Unarmed           |    64 |   141 |    11 ||   216
         Punch             |     1 |     8 |     1 ||    10
    Use: Potion            |       |     1 |       ||     1
 Armour: Animal skin       |    13 |    18 |     2 ||    33
         Skin              |       |    18 |       ||    18
  Dodge: Dodged            |    37 |    48 |     1 ||    86

Table legend: (Time is in decaauts)
 A = Elapsed time spent in this place.
 B = Non-inter-level travel time spent in this place.
 C = Inter-level travel time spent in this place.
 D = Time resting spent in this place.
 E = Time spent auto-exploring this place.
 F = Levels seen in this place.
 G = Mean time per level.
                   A        B        C        D        E       F      G
               +--------+--------+--------+--------+--------+-----+--------+
         Total |   1923 |   1901 |     22 |      0 |   1107 |   5 |  384.6 |
       Dungeon |   1923 |   1901 |     22 |      0 |   1107 |   5 |  384.6 |
               +--------+--------+--------+--------+--------+-----+--------+

Top non-repeatable levels by time:
     D:3: 597 daAuts
     D:2: 432 daAuts
     D:4: 405 daAuts
     D:1: 390 daAuts
     D:5: 96 daAuts
